 Dungeon Crawl Stone Soup version 0.17.0-24-gcfadda4 (webtiles) character file.

4241 Arkorax the Spear-Bearer (level 10, -8/90 HPs)
             Began as a Merfolk Gladiator on Nov 18, 2015.
             Was a Follower of Ru.
             Mangled by a hell rat (10 damage)
             ... on level 7 of the Dungeon.
             The game lasted 00:14:12 (8900 turns).

Arkorax the Spear-Bearer (Merfolk Gladiator)        Turns: 8900, Time: 00:14:12

Health: -8/90      AC: 10    Str: 23    XL:     10   Next: 30%
Magic:  10/10      EV:  9    Int:  7    God:    Ru [*.....]
Gold:   371        SH:  0    Dex: 16    Spells: 0 memorised, 9 levels left

rFire  . . .     SeeInvis .     F - +3 spear (freeze)
rCold  . . .     Clarity  .     s - +0 chain mail (curse)
rNeg   . . .     SustAt   .     (no shield)
rPois  .         Gourm    .     l - +1 helmet
rElec  .         Spirit   .     (no cloak)
rCorr  .         Warding  .     (no gloves)
rMut   .         Stasis   .     (no boots)
MR     .....                    (no amulet)
Stlth  ..........               (no ring)
                                (no ring)

@: mighty, drained, not resistant to hostile enchantments, extremely unstealthy
A: change form in water, swift swim, cowardly
a: Renounce Religion


You were on level 7 of the Dungeon.
You worshipped Ru.
Ru was aware of your devotion.
You were very hungry.

You visited 1 branch of the dungeon, and saw 8 of its levels.

You collected 371 gold pieces.

Inventory:

Hand Weapons
 a - a +0 trident
 n - a +4 spear
 y - a +0 halberd
 F - a +3 spear of freezing (weapon)
Missiles
 d - 5 throwing nets (quivered)
Armour
 b - a +0 leather armour
 l - a +1 helmet (worn)
 s - a cursed +0 chain mail (worn)
Jewellery
 H - a cursed ring of loudness {unknown}
Wands
 L - a wand of digging (14)
Scrolls
 e - 7 scrolls of teleportation
 f - 2 scrolls of identify
 h - 2 scrolls of immolation {unknown}
 j - 4 scrolls of noise {unknown}
 k - 2 scrolls of recharging {unknown}
 m - a scroll of blinking {unknown}
 v - 3 scrolls of remove curse {unknown}
 w - a scroll of amnesia {unknown}
 B - a scroll of random uselessness {unknown}
 E - a scroll of enchant weapon {unknown}
 I - a scroll of enchant armour {unknown}
 K - a scroll of magic mapping {unknown}
Potions
 g - a potion of cancellation
 i - 2 potions of brilliance
 p - a potion of heal wounds {unknown}
 t - a potion of poison {unknown}
 u - a potion of might
 x - a potion of resistance {unknown}
 z - a potion of invisibility {unknown}
 A - a potion of agility {unknown}
 D - 2 potions of beneficial mutation {unknown}
Books
 G - a book of Callings

   Spells                             Type                      Level
   a - Summon Small Mammal            Summoning                    1
   b - Call Imp                       Summoning                    2
   c - Call Canine Familiar           Summoning                    3
   d - Summon Guardian Golem          Hexes/Summoning              3
   e - Summon Lightning Spire         Summoning/Air                4
   f - Summon Ice Beast               Ice/Summoning                4
 J - a book of Annihilations

   Spells                             Type                      Level
   a - Poison Arrow                   Conjuration/Poison           6
   b - Chain Lightning                Conjuration/Air              8
   c - Lehudib's Crystal Spear        Conjuration/Earth            8
   d - Glaciate                       Conjuration/Ice              9
   e - Fire Storm                     Conjuration/Fire             9
Comestibles
 c - 3 slices of pizza
 o - a meat ration
 r - 4 bread rations
 C - 6 fruits


   Skills:
 * Level 12.3(11.7) Fighting
 + Level 13.2(12.5) Polearms
 - Level 2.0(1.5) Throwing
 - Level 4.0(3.4) Dodging
 - Level 0.8(0.3) Stealth


You had 9 spell levels left.
You didn't know any spells.

Dungeon Overview and Level Annotations

Branches:
Dungeon (8/15)             Temple (0/1) D:7            Lair (0/8) D:8

Altars:
Ashenzari
Cheibriados
Elyvilon
Fedhas
Makhleb
Nemelex Xobeh
Ru
Sif Muna
Xom
Yredelemnul


Innate Abilities, Weirdness & Mutations

You revert to your normal form in water.
You are very nimble and swift while swimming.
Your cowardice makes you less effective in combat with threatening monsters.


Message History

You hit the hell rat. You freeze the hell rat.
The hell rat is heavily wounded.
You are feeling very hungry.
You hit the hell rat. You freeze the hell rat.
The hell rat is heavily wounded.
The hell rat closely misses you.
You barely miss the hell rat.
The hell rat is heavily wounded.
The hell rat bites you.
* * * LOW HITPOINT WARNING * * *
Drink which item? (? for menu, Esc to quit)
It was a potion of might.
You feel very mighty all of a sudden. The hell rat barely misses you.
You completely miss the hell rat.
The hell rat is heavily wounded.
You closely miss the hell rat.
The hell rat is heavily wounded.
The hell rat bites you!
You die...

##.#####.....###..##..##.##[#)#
# #.# ## #.>##..##.##)#.# # #.#
#..##..##<##.#.. # #.#
#............###.# #.#
#..##..##.#..# #.. ##.#
#..##..##.#..# ### .#.#
#.........#..# ### .#.#
#............###.# ...####
#@####.#.†.......# ......# #r#
#..........## .####.# #r#
#.####.##### ## #.#
######>####<# #.##### # #.#
#...÷.......####.#^..# # #.#
#.####...........#.### # #.#
#.# ###########.#.# # #.# #.#
#.#.# ## #.# #.# #.#.#


You could see a hell rat and a quokka.

Vanquished Creatures
  The ghost of Zeloya the Slicer, a novice KoAs of Nemelex Xobeh (D:6)
  A troll (D:6)
  Grinder (D:5)
  Prince Ribbit (D:7)
  Duvessa (D:6)
  2 phantoms
  An ice beast (D:4)
  A porcupine (D:7)
  A necrophage (D:7)
  3 sky beasts (D:7)
  3 ogres (D:7)
  4 centaurs
  A gnoll sergeant (D:7)
  5 giant frogs
  2 scorpions
  Dowan (D:6)
  5 killer bees
  3 wights (D:7)
  2 crimson imps
  The ghost of blider the Magician, a weakling DEWz (D:3)
  A hound (D:6)
  A giant frog zombie (D:5)
  An orc wizard (D:6)
  2 orc priests
  A centaur skeleton (D:7)
  3 giant frog skeletons
  A hell rat (D:7)
  2 worker ants
  2 iguanas
  A sheep (D:8)
  2 hound zombies
  13 gnolls
  A hound skeleton (D:7)
  5 adders
  A shadow imp (D:6)
  6 worms
  An adder skeleton (D:5)
  5 giant geckos
  14 orcs
  4 ball pythons
  8 bats
  4 giant cockroaches
  2 gnoll zombies (D:3)
  22 goblins
  6 hobgoblins
  2 jackals
  4 quokkas
  A giant gecko skeleton (D:4)
  3 giant newts
  2 jackal skeletons
  11 kobolds
  14 rats
186 creatures vanquished.

Vanquished Creatures (others)
  A porcupine (D:7)
  A plant (D:6)
2 creatures vanquished.

Grand Total: 188 creatures vanquished

Notes
Turn   | Place    | Note
--------------------------------------------------------------
     0 | D:1      | Arkorax the Merfolk Gladiator began the quest for the Orb.
     0 | D:1      | Reached XP level 1. HP: 16/16 MP: 1/1
    77 | D:1      | Reached skill level 5 in Polearms
    77 | D:1      | Reached XP level 2. HP: 14/23 MP: 2/2
   776 | D:1      | Reached XP level 3. HP: 24/28 MP: 3/3
  1372 | D:2      | Reached XP level 4. HP: 18/35 MP: 4/4
  1808 | D:2      | Reached skill level 6 in Polearms
  2486 | D:2      | Reached XP level 5. HP: 39/42 MP: 5/5
  2806 | D:3      | Reached skill level 7 in Polearms
  2823 | D:3      | Reached skill level 5 in Fighting
  2873 | D:3      | Found a basalt altar of Yredelemnul.
  2998 | D:3      | Noticed blider's ghost (weakling DEWz)
  3005 | D:3      | Reached XP level 6. HP: 48/51 MP: 6/6
  3129 | D:3      | Killed blider's ghost
  4020 | D:4      | Found a sparkling altar of Nemelex Xobeh.
  4023 | D:4      | Found a blossoming altar of Fedhas.
  4024 | D:4      | Found a burning altar of Makhleb.
  4024 | D:4      | Found a snail-covered altar of Cheibriados.
  4025 | D:4      | Found a shimmering altar of Xom.
  4025 | D:4      | Found a sacrificial altar of Ru.
  4026 | D:4      | Found a white marble altar of Elyvilon.
  4033 | D:4      | Became a worshipper of Ru the Awakened
  4203 | D:4      | Reached skill level 8 in Polearms
  4203 | D:4      | Reached XP level 7. HP: 48/59 MP: 7/7
  4261 | D:5      | Entered Level 5 of the Dungeon
  4261 | D:5      | Noticed Grinder
  4628 | D:5      | Paralysed by Grinder for 7 turns
  4637 | D:5      | Killed Grinder
  4843 | D:5      | Reached skill level 9 in Polearms
  4967 | D:5      | Reached XP level 8. HP: 27/67 MP: 8/8
  5668 | D:6      | Reached skill level 10 in Polearms
  5735 | D:6      | Noticed Zeloya's ghost (novice KoAs)
  5751 | D:6      | Found a shattered altar of Ashenzari.
  5828 | D:6      | Killed Zeloya's ghost
  5828 | D:6      | Reached XP level 9. HP: 74/77 MP: 9/9
  5879 | D:6      | Gained mutation: Your cowardice makes you less effective in combat with threatening monsters. [Ru sacrifice]
  5879 | D:6      | Reached * piety under Ru
  5907 | D:6      | Noticed Dowan
  5920 | D:6      | Killed Dowan
  5920 | D:6      | Reached skill level 11 in Polearms
  5958 | D:6      | Noticed a troll
  5970 | D:6      | Killed a troll
  6296 | D:6      | Reached skill level 10 in Fighting
  6321 | D:6      | Found a deep blue altar of Sif Muna.
  6622 | D:6      | Noticed Duvessa
  6644 | D:6      | Killed Duvessa
  7042 | D:7      | Reached skill level 12 in Polearms
  7867 | D:7      | Found a staircase to the Ecumenical Temple.
  7964 | D:7      | Noticed Prince Ribbit
  7974 | D:7      | Killed Prince Ribbit
  7974 | D:7      | Reached XP level 10. HP: 62/89 MP: 10/10
  8500 | D:7      | Reached skill level 13 in Polearms
  8514 | D:8      | Found a staircase to the Lair.
  8892 | D:7      | HP: 3/90 [hell rat (15)]
  8897 | D:7      | HP: 2/90 [hell rat (2)]
  8900 | D:7      | Mangled by a hell rat

Action                   |  1- 3 |  4- 6 |  7- 9 | 10-12 || total
-------------------------+-------+-------+-------+-------++-------
Melee: Trident           |   131 |    20 |       |       ||   151
       Spear             |       |   253 |   185 |   106 ||   544
       Halberd           |       |       |   196 |       ||   196
Throw: Throwing net      |       |       |     3 |       ||     3
Invok: Sacrifice Courage |       |       |     1 |       ||     1
  Use: Scroll            |       |       |     4 |       ||     4
       Potion            |       |       |       |     3 ||     3
 Stab: Sleeping          |     1 |     4 |       |       ||     5
  Eat: Bread ration      |     1 |       |     1 |       ||     2
       Meat ration       |       |     2 |     1 |       ||     3
       Chunk             |       |       |     1 |       ||     1
